 Dungeon Crawl Stone Soup version 0.29-a0-613-gf2c431b9b9 (webtiles) character file.

Game seed: 6825008458288707597

25 moldycheese5 the Skirmisher (level 2, 0/24 HPs)
             Began as a Demonspawn Abyssal Knight on June 16, 2022.
             Was a Believer of Lugonu.
             Succumbed to an adder's poison
             ... on level 2 of the Dungeon.
             The game lasted 00:01:16 (1228 turns).

moldycheese5 the Skirmisher (DsAK)                  Turns: 1228, Time: 00:01:17

Health: 0/24       AC:  3    Str: 13    XL:     2   Next: 82%
Magic:  4/4        EV: 11    Int: 11    God:    Lugonu [**....]
Gold:   30         SH:  0    Dex: 13    Spells: 1/1 levels left

rFire   . . .      SeeInvis .     - Unarmed
rCold   . . .      Faith    .   (no shield)
rNeg    . . .      Spirit   .   a - +0 leather armour
rPois   .          Reflect  .   (no helmet)
rElec   .          Harm     .   (no cloak)
rCorr   .          Rampage  .   (no gloves)
Will    .....                   (no boots)
Stlth   +.........              (no amulet)
HPRegen 0.08/turn               (no ring)
MPRegen 0.09/turn               (no ring)

@: lethally poisoned (0 -> -8)
A: demonic touch 1
a: Renounce Religion, Depart the Abyss, Bend Space


You were on level 2 of the Dungeon.
You worshipped Lugonu.
Lugonu was pleased with you.
You visited 1 branch of the dungeon, and saw 2 of its levels.
You visited the Abyss 1 time.

You collected 30 gold pieces.

Inventory:

Armour
 a - a +0 leather armour (worn)
Scrolls
 c - 3 scrolls of blinking {unknown}
Potions
 b - a potion of flight {unknown}
 d - a potion of attraction {unknown}


   Skills:
 + Level 3.6 Fighting
 + Level 1.8 Armour
 + Level 1.1 Dodging
 + Level 2.0 Unarmed Combat
 + Level 2.7 Invocations


You had one spell level left.
You didn't know any spells.
Your spell library contained the following spells:

 Spells                   Type           Power      Damage    Failure   Level
 Magic Dart               Conj           0%         1d3       41%         1
 Searing Ray              Conj           0%         2d4       56%         2
 Confusing Touch          Hex            0%         N/A       80%         3
 Fulminant Prism          Conj/Hex       0%         3d6       99%         4
 Yara's Violent Unravell  Hex/Tmut       0%         3d3       100%        5
 Enfeeble                 Hex            0%         N/A       100%        7


Dungeon Overview and Level Annotations

Branches:
Dungeon (2/15)

Altars:


Innate Abilities, Weirdness & Mutations

Your touch may inflict minor irresistible damage on your foes.


Message History

You closely miss the adder. The adder bites you but does no damage.
The adder misses you.
You barely miss the adder. The adder barely misses you.
A dart slug comes into view.
You hit the adder.
The adder is lightly wounded.
The adder bites you.
You miss the adder.
The adder is lightly wounded.
The adder barely misses you.
You hit the adder but do no damage.
The adder is lightly wounded.
The adder bites you. The dart slug launches a dart at you.
The slug dart hits you.
You miss the adder. Your touch misses the adder.
The adder is lightly wounded.
The adder bites you. The adder misses you.
You closely miss the adder. Your touch misses the adder.
The adder is lightly wounded.
The adder bites you.
You are poisoned.
The adder poisons you!
You are too injured to fight recklessly!
You are too injured to fight recklessly!
You are too injured to fight recklessly!
You are too injured to fight recklessly!
You are too injured to fight recklessly!
You feel sick. The dart slug barely misses you.
You feel sick. The adder bites you but does no damage. The adder bites you.
* * * LOW HITPOINT WARNING * * *
You are more poisoned.
The adder poisons you! The dart slug launches a dart at you.
The slug dart hits you.
* * * LOW HITPOINT WARNING * * *
The adder attacks as you move away! The adder bites you but does no damage.
* * * LOW HITPOINT WARNING * * *
You feel sick.
You die...

. #.#.#.# ##+
#####.#.#.#.####### ...
...........>....... #..
..........÷.....#
#...###.........####.##
#...#.#...............#
#...#.#..........<....# #
#...#..........##...#
....#.w.#@..............#
#.....S..#.#...††##.#<#
#.##(.##.#.#.##..<....# #
#..##########.......# #..
#.....#.# .... #.......#
....≈ #.....#.# ###.≈≈
#.....#.# #.≈≈ #.......#


You could see an adder.

Vanquished Creatures
  3 ball pythons
  An endoplasm (D:1)
  A giant cockroach (D:1)
  A goblin (D:1)
  5 hobgoblins
  4 jackals (D:2)
  A quokka (D:1)
  A bat (D:1)
  A frilled lizard (D:1)
  4 rats
22 creatures vanquished.

Vanquished Creatures (others)
  4 toadstools (D:1)
4 creatures vanquished.

Grand Total: 26 creatures vanquished

Notes
Turn   | Place    | Note
-------+----------+-------------------------------------------
     0 | Abyss:1  | moldycheese5 the Demonspawn Abyssal Knight began the quest
                  | for the Orb.
     0 | Abyss:1  | Reached XP level 1. HP: 18/18 MP: 2/2
     0 | D:1      | Escaped the Abyss
   102 | D:1      | Reached ** piety under Lugonu
   486 | D:1      | Gained mutation: Your touch may inflict minor irresistible
                  | damage on your foes. [demonic ancestry]
   486 | D:1      | Reached XP level 2. HP: 20/24 MP: 3/3
  1012 | D:2      | Reached skill level 1 in Dodging
  1228 | D:2      | Succumbed to an adder's poison

Illustrated notes

Levels and vault maps discovered:
D:1:      ldierk_water_garden, layout_rooms
D:2:      layout_basic, serial_curves, eino_curves_01, eino_curves_02,
          lemuel_another_geyser

Skill      XL: |  1  2 |
---------------+-------+-----
Unarmed Combat | 2 |  2.0
Dodging        | 1 |  1.1
Fighting       | |  3.6
Armour         | |  1.8
Invocations    | |  2.7

Action                   || total
-------------------------++-------
Melee: Unarmed           ||    88
       Touch             ||     9
       Punch             ||     1
Invok: Depart the Abyss  ||     1
Armor: Leather armour    ||    36
Dodge: Dodged            ||    60

Table legend: (Time is in decaauts)
 A = Elapsed time spent in this place.
 B = Non-inter-level travel time spent in this place.
 C = Inter-level travel time spent in this place.
 D = Time resting spent in this place.
 E = Time spent auto-exploring this place.
 F = Levels seen in this place.
 G = Mean time per level.
                   A        B        C        D        E       F      G
               +--------+--------+--------+--------+--------+-----+--------+
         Total |   1225 |   1216 |      9 |    255 |    805 |   3 |  408.3 |
       Dungeon |   1225 |   1216 |      9 |    255 |    805 |   2 |  612.5 |
         Abyss |      0 |      0 |      0 |      0 |      0 |   1 |    0.0 |
               +--------+--------+--------+--------+--------+-----+--------+

Top non-repeatable levels by time:
     D:1: 984 daAuts
     D:2: 240 daAuts
